 Dungeon Crawl Stone Soup version 0.21-a0-110-g8e1637b (webtiles) character file.

101 Swallow the Chopper (level 4, -6/35 HPs)
             Began as a Demonspawn Monk on July 9, 2017.
             Mangled by a phantom (7 damage)
             ... on level 3 of the Dungeon.
             The game lasted 00:04:48 (2010 turns).

Swallow the Chopper (Demonspawn Monk)               Turns: 2010, Time: 00:04:49

Health: -6/35      AC:  3    Str: 12    XL:     4   Next: 48%
Magic:  4/4        EV: 13    Int: 12    God:
Gold:   76         SH:  0    Dex: 15    Spells: 3/3 levels left

rFire    x . .     SeeInvis .   a - +0 hand axe
rCold    + . .     Gourm    .   (no shield)
rNeg     . . .     Faith    .   b - +0 robe
rPois    .         Spirit   .   (no helmet)
rElec    .         Reflect  .   (no cloak)
rCorr    .         Harm     .   j - +0 pair of gloves
MR       .....     Rnd*Tele +   (no boots)
Stlth    ++........             (no amulet)
HPRegen  0.11/turn              i - ring of teleportation (curse)
MPRegen  0.09/turn              o - ring of ice

@: very slightly contaminated
A: talons 1
a: no special abilities


You were on level 3 of the Dungeon.
You were not hungry.

You visited 1 branch of the dungeon, and saw 3 of its levels.

You collected 76 gold pieces.

Inventory:

Hand Weapons
 a - a +0 hand axe (weapon)
Armour
 b - a +0 robe (worn)
 j - a +0 pair of gloves (worn)
Jewellery
 i - a cursed ring of teleportation (left hand)
 o - a ring of ice (right hand)
Scrolls
 g - 2 scrolls of blinking {unknown}
 n - a scroll of remove curse {unknown}
 q - a scroll of identify {unknown}
Potions
 e - 2 potions of invisibility
 f - a potion of might
 h - a potion of heal wounds {unknown}
 l - a potion of flight {unknown}
 m - a potion of magic {unknown}
Comestibles
 c - a bread ration
 d - 3 meat rations
 k - a royal jelly
 p - 2 chunks of flesh


   Skills:
 - Level 3.0 Fighting
 + Level 4.8 Axes
 - Level 2.6 Dodging
 - Level 1.7 Stealth


You had 3 spell levels left.
You didn't know any spells.

Dungeon Overview and Level Annotations

Branches:
Dungeon (3/15)

Altars:
Fedhas


Innate Abilities, Weirdness & Mutations

You have sharp toenails.


Message History

The orc misses you.
You slash the orc!
You kill the orc!
You hit the phantom.
The phantom is lightly damaged.
The phantom completely misses you.
You hit the phantom.
The phantom is lightly damaged.
The phantom hits you.
* * * LOW HITPOINT WARNING * * *
You hit the phantom but do no damage. You claw the phantom.
The phantom is moderately damaged.
The phantom hits you.
* * * LOW HITPOINT WARNING * * *
You barely miss the phantom.
The phantom is moderately damaged.
The phantom hits you!
* * * LOW HITPOINT WARNING * * *
The phantom hits you!
You die...

#. #. #. .## .o#
#o# #W# #@#######
#.......#
#.....#.#
#.......#
#######..⌠....#
......>.......####
####
#..###.......##..
..#
##..###.##.##.##.#
#.#
#........#†##.##.#
##<#


You could see a phantom and 2 orcs.

Vanquished Creatures
  Ijyb (D:3)
  2 oozes
  2 worms (D:2)
  2 leopard geckos (D:1)
  10 orcs (D:3)
  6 bats
  2 giant cockroaches
  2 goblins (D:1)
  5 hobgoblins
  3 jackals (D:1)
  6 kobolds
  4 frilled lizards
  2 rats (D:2)
47 creatures vanquished.

Notes
Turn   | Place    | Note
-------+----------+-------------------------------------------
     0 | D:1      | Swallow the Demonspawn Monk began the quest for the Orb.
     0 | D:1      | Reached XP level 1. HP: 18/18 MP: 1/1
    34 | D:1      | Reached skill level 3 in Axes
   281 | D:1      | Gained mutation: You have sharp toenails. [demonic ancestry]
   281 | D:1      | Reached XP level 2. HP: 24/24 MP: 2/2
   913 | D:2      | Reached XP level 3. HP: 29/29 MP: 3/3
   938 | D:2      | Reached skill level 4 in Axes
  1586 | D:2      | Found a blossoming altar of Fedhas.
  1878 | D:3      | Reached XP level 4. HP: 23/35 MP: 4/4
  1897 | D:3      | Noticed Ijyb
  1914 | D:3      | Paralysed by Ijyb for 6 turns
  1925 | D:3      | Killed Ijyb
  2002 | D:3      | Noticed a phantom
  2010 | D:3      | HP: 1/35 [phantom (8)]
  2010 | D:3      | Mangled by a phantom

Vault maps used:
D:1:      dpeg_arrival_boxes_within_box, serial_forest,
          infiniplex_forest_clump_large, infiniplex_forest_lined_corner,
          infiniplex_forest_diagonal, infiniplex_forest_straight_4,
          infiniplex_forest_lined_3, infiniplex_forest_end_double,
          roderic_st_hans_cross, minivault_11
D:2:      lemuel_coloured_pillars_altar
D:3:      solitary_fountain, uniq_ijyb

Skill      XL: |  1  2  3 |
---------------+----------+-----
Axes           | 3 4 |  4.8
Fighting       | |  3.0
Dodging        | |  2.6
Stealth        | |  1.7

Action                   |  1- 3 |  4- 6 || total
-------------------------+-------+-------++-------
Melee: Hand axe          |   114 |    30 ||   144
       Kick              |    22 |     2 ||    24
  Use: Potion            |       |     2 ||     2
 Stab: Sleeping          |     3 |       ||     3
       Invisible         |       |     2 ||     2
       Distracted        |       |     1 ||     1
  Eat: Chunk             |     3 |     1 ||     4
Armor: Robe              |    24 |    10 ||    34
Dodge: Dodged            |    89 |    30 ||   119
